[Event "13th KIIT Festival-A 2022"]
[Site "Bhubaneswar"]
[Date "2022.05.23"]
[Round "2.17"]
[White "Tiwari Shivansh"]
[Black "Rohith Krishna S"]
[Result "0-1"]
[ECO "D00"]
[WhiteElo "1838"]
[BlackElo "2337"]
[Annotator "TA"]
[PlyCount "98"]
[EventDate "2022.05.15"]
[EventType "swiss"]
[EventCountry "IND"]
[SourceTitle "playchess.com"]
[Source "ChessBase"]
[SourceQuality "1"]
[TimeControl "5400+30"]

1. d4 Nf6 2. Bg5 d5 3. Bxf6 exf6 4. e3 b6 5. Bd3 Bb7 {[%emt 0:03:58] [#]} 6. Nd2 $146 {[%emt 0:01:19] D00: 1 d4 d5: Unusual lines.} ({Predecessor:} 6. Qf3 g6 7. Ne2 f5 8. Nf4 Qd6 9. O-O Nd7 10. c4 Nf6 11. Nc3 O-O-O 12. Nfxd5 Nxd5 13. cxd5 Bxd5 14. Nxd5 Qxd5 {½-½ (48) Dumitrescu,D (2405)-Buenermann,V (2295) Pardubice 1998}) 6... c5 7. Qf3 g6 8. Ne2 {[%emt 0:02:19] The position is equal.} f5 9. c3 Bh6 10. h4 Nd7 11. h5 Nf6 {[%emt 0:01:00] Prevents g4.} 12. hxg6 hxg6 13. O-O-O Qe7 14. Rh3 Bg7 15. Rxh8+ Bxh8 16. Rh1 Bg7 17. Qf4 Ne4 18. g4 fxg4 19. Nxe4 dxe4 20. Bb5+ Kf8 21. Qxg4 Bd5 22. Kb1 a6 23. Ba4 Be6 {[%emt 0:00:16] A strong pair of Bishops.} 24. Qg2 cxd4 25. Nxd4 (25. cxd4 $5 Rc8 26. Nf4 $11) 25... Bc4 26. Bc2 Re8 27. Rd1 b5 28. Bb3 Bd3+ 29. Bc2 Bxc2+ 30. Nxc2 a5 31. Qg4 {[%emt 0:03:20] [#]} (31. a3 $11 {remains equal.}) 31... b4 $1 $17 32. Nd4 $2 {[%emt 0:02:55] Loses the game.} (32. cxb4 $17 {might work better.} Qf6 33. Nd4) 32... bxc3 $19 {[%emt 0:00:13] aiming for ...Rb8.} 33. Qe2 cxb2 34. Qxb2 Kg8 35. Qb5 Ra8 36. Rc1 $2 (36. a4) 36... Qd8 37. Nc6 Qf6 {[%emt 0:00:00] Threatens to win with ...Qa1+. Black is clearly winning.} 38. Nd4 (38. Qe2 $142) 38... Qxf2 39. Qb7 Rf8 40. Qb3 Bxd4 41. exd4 Qxd4 {[%emt 0:00:00][%mdl 4096] Endgame KQR-KQR} 42. Rc6 Kg7 {[%emt 0:00:00] [#] And now ...e3 would win.} 43. Qc3 Qxc3 44. Rxc3 {[%emt 0:00:05] KR-KR} f5 45. Kc1 f4 46. Kd2 e3+ 47. Ke2 f3+ 48. Kf1 e2+ 49. Kf2 Re8 {[%emt 0:07:30] Weighted Error Value: White=0.68/Black=0.04 (flawless)} 0-1

[Event "13th KIIT Festival-A 2022"]
[Site "Bhubaneswar"]
[Date "2022.05.23"]
[Round "2.18"]
[White "Konguvel, Ponnuswamy"]
[Black "Bhattacharya, Niladri Shekhar"]
[Result "1-0"]
[ECO "B17"]
[WhiteElo "2331"]
[BlackElo "1816"]
[Annotator "TA"]
[PlyCount "115"]
[EventDate "2022.05.15"]
[EventType "swiss"]
[EventCountry "IND"]
[SourceTitle "playchess.com"]
[Source "ChessBase"]
[SourceQuality "1"]
[TimeControl "5400+30"]

1. e4 c6 2. d4 d5 3. Nc3 dxe4 4. Nxe4 Nd7 5. Ng5 Ngf6 6. Bc4 e6 7. Qe2 Nb6 8. Bd3 h6 9. N5f3 Bd6 {[%emt 0:00:00] B17: Caro-Kann: Modern Line (4...Nd7).} 10. Ne5 Qc7 11. Ngf3 Bd7 (11... Nbd7 $11 {remains equal.}) 12. O-O $16 O-O {[%emt 0:00:00] [#]} (12... c5 $142) 13. c4 $1 {[%emt 0:04:25] Hoping for c5. White is more active.} c5 14. dxc5 {[%emt 0:07:53] [#]} Bxc5 $146 ({Predecessor:} 14... Qxc5 15. Be3 Qc7 16. c5 Bxe5 17. cxb6 axb6 18. Rfc1 Bc6 19. Nxe5 Qxe5 20. Bxb6 Qxe2 21. Bxe2 {1-0 (46) Schuermans,R (2127)-Persoons,B (1751) Antwerp 2013}) 15. b3 Rfd8 16. Bb2 Be8 17. Rad1 Nbd7 18. Nxd7 Nxd7 19. Qe4 {[%emt 0:01:54] Black must now prevent Qh7+.} Nf8 {[%emt 0:00:00] Against Qh7+} 20. Bc2 f6 21. Qg4 {[%emt 0:02:58] And now Bxf6 would win.} Qf7 22. Nd4 Qh5 23. h3 Qxg4 24. hxg4 Bxd4 25. Bxd4 Bg6 26. Bxg6 Nxg6 27. Be3 Ne5 28. f3 Kf7 29. Kf2 b6 30. Ke2 Ke7 31. Bc1 Nc6 32. Ba3+ Kf7 33. Bb2 e5 34. Bc3 Ke6 35. Ke3 a6 36. Ke4 Rxd1 37. Rxd1 Rd8 38. Rxd8 (38. Rd5 {feels hotter.} Rh8 39. c5 bxc5 40. Rxc5 Rc8 41. Bd2) 38... Nxd8 $11 {[%emt 0:00:01][%mdl 4096] Endgame KB-KN} 39. Bd2 Nf7 (39... Nb7 $1 $11) 40. Be3 Nd6+ 41. Kd3 Nc8 42. b4 (42. a3 $16) 42... Kd7 (42... b5 $1 $11) 43. a4 Kc6 $2 (43... Kc7 $16) 44. b5+ $18 axb5 45. axb5+ ({Less strong is} 45. cxb5+ Kd7 $16) 45... Kd6 46. Ke4 g6 (46... Ke6 $142 47. c5 g6 48. cxb6 (48. Bxh6 bxc5 49. Kd3 Nb6 $11) 48... Nd6+ 49. Kd3 h5 50. gxh5 gxh5) 47. Bxh6 Kc5 48. Bf8+ (48. g5 $18 fxg5 49. Kd3) 48... Kxc4 $11 49. g5 fxg5 50. Kxe5 {[%emt 0:00:05] Kf6 is the strong threat.} Kd3 (50... Na7 $1 $11 {keeps the balance.}) 51. Kf6 $16 Ke2 $2 {[%emt 0:02:22][%mdl 8192] [#]} (51... Na7 $16) 52. Kxg5 Kf2 53. Kxg6 {[%emt 0:00:02] f4 would kill now.} Kxg2 54. f4 {[%emt 0:00:05][%cal Bf3f4,Bf4f5,Bf5f6,Bf6f7][%mdl 32] White mates.} Na7 55. f5 Nxb5 56. f6 Nd4 57. f7 Kf3 58. Bd6 {[%emt 0:00:34] Weighted Error Value: White=0.26 (precise) /Black=0.54} 1-0

[Event "13th KIIT Festival-A 2022"]
[Site "Bhubaneswar"]
[Date "2022.05.23"]
[Round "2.19"]
[White "Swayham P Das"]
[Black "Sidhant, Mohapatra"]
[Result "0-1"]
[ECO "B92"]
[WhiteElo "1825"]
[BlackElo "2327"]
[Annotator "TA"]
[PlyCount "78"]
[EventDate "2022.05.15"]
[EventType "swiss"]
[EventCountry "IND"]
[SourceTitle "playchess.com"]
[Source "ChessBase"]
[SourceQuality "1"]
[TimeControl "5400+30"]

1. e4 c5 2. Nf3 d6 3. d4 cxd4 4. Nxd4 Nf6 5. Nc3 a6 6. Be2 e5 7. Nb3 Be7 8. O-O O-O 9. f4 Re8 {[%emt 0:06:25] B92: Sicilian Najdorf: 6 Be2.} 10. Kh1 Nc6 11. a4 h6 {[%emt 0:03:50] The position is equal.} 12. Be3 exf4 {[%emt 0:00:11] [#]} 13. Rxf4 $146 ({Predecessor:} 13. Bxf4 Bf8 14. Nd4 Nxe4 15. Nxe4 Rxe4 16. Nxc6 bxc6 17. Bd3 Re6 18. Qf3 Qe8 19. Bd2 {½-½ (37) Spierenburg,P (1968)-Audie,A (2300) ICCF email 2019}) 13... Bf8 14. Qf1 Be6 15. Rd1 Ne5 16. Nd4 Ng6 17. Rf2 Ng4 18. Bxg4 Bxg4 19. Re1 (19. Rxf7 Bxd1 20. Nxd1 (20. Rxb7 Bg4 $17) 20... Rxe4 21. Rxb7 Qc8 22. Qf7+ Kh8 $17) 19... Ne5 (19... Be6 $5) 20. Nd5 Rc8 21. Nf5 Bxf5 22. exf5 (22. Rxf5 $11 {remains equal.} Rxc2 23. Bd4) 22... Qa5 23. Rd1 Ng4 24. Re2 ({Better is} 24. Rf3) 24... Nxe3 $17 ({Weaker is} 24... Qxa4 25. Bd4 $11) 25. Rxe3 Rxe3 ({Don't play} 25... Qxa4 $6 26. Rg3 $11) 26. Nxe3 Qxa4 27. f6 g6 28. Qf3 (28. b3 $17 {is a better defense.} Qe4 29. Qd3 Qxd3 30. Rxd3) 28... Qc6 29. Qh3 (29. Qxc6 $17 {was necessary.} bxc6 30. Nc4) 29... Re8 $19 30. Qg3 Qe4 31. Rd3 Re6 32. Qf2 (32. Qf3 $142) 32... d5 {[%emt 0:00:12] [#] ...Bc5 is the strong threat.} 33. Nf1 ({Much weaker is} 33. Nxd5 Qe1+ 34. Qg1 Bc5 $19) 33... Qe5 34. Rf3 Qxb2 {[%emt 0:00:10] aiming for ...a5.} 35. h3 (35. h4 $142) 35... a5 36. Ng3 a4 {[%emt 0:00:28] [#] White must now prevent ...a3.} 37. Qa7 a3 38. Rb3 Qxf6 {[%emt 0:00:12][%cal Oa3a2] ( -> ...a2!)} 39. Rxb7 Ra6 {[%emt 0:00:22] Weighted Error Value: White=0.89/Black=0.17 (very precise)} (39... Re1+ $142 40. Kh2 Bd6 41. Rd7 Bxg3+ 42. Kxg3 Qe5+ 43. Kf2 a2 44. Rd8+ Kg7 45. Qa3 a1=Q 46. Qf8+ Kf6 47. Rd6+ Kg5 48. Rxg6+ Kxg6 49. Qg8+ Kf6 50. Qh8+ Ke7 51. Qxe5+ Qxe5 52. g4 Qe3+ 53. Kg2 Rg1+ 54. Kh2 Qg3#) 0-1

[Event "13th KIIT Festival-A 2022"]
[Site "Bhubaneswar"]
[Date "2022.05.24"]
[Round "3.1"]
[White "Sidhant, Mohapatra"]
[Black "Amonatov, Farrukh"]
[Result "0-1"]
[ECO "B99"]
[WhiteElo "2327"]
[BlackElo "2622"]
[Annotator "TA"]
[PlyCount "104"]
[EventDate "2022.05.15"]
[EventType "swiss"]
[EventCountry "IND"]
[SourceTitle "playchess.com"]
[Source "ChessBase"]
[SourceQuality "1"]
[TimeControl "5400+30"]

1. e4 c5 2. Nf3 d6 3. d4 cxd4 4. Nxd4 Nf6 5. Nc3 a6 6. Bg5 e6 7. f4 Be7 8. Qf3 h6 9. Bh4 Qc7 10. O-O-O Nbd7 11. Be2 Rb8 12. Qg3 {[%emt 0:10:17] Threatens to win with e5.} O-O {[%emt 0:06:12] B99: Sicilian Najdorf: 6 Bg5 e6 7 f4 Be7 8 Qf3 Qc7 9 0-0-0 Nbd7.} 13. Bf3 Nb6 14. e5 dxe5 {[%emt 0:01:22] White has an edge.} 15. fxe5 Nfd5 {[%emt 0:01:00] [#]} 16. Bxd5 $146 {[%emt 0:04:59] Strongly threatening Bxe7.} ({Predecessor:} 16. Nxd5 Nxd5 17. Bxd5 Bxh4 18. Qxh4 exd5 19. Rhe1 Re8 20. Re3 Bd7 21. Rde1 Rbc8 22. Qf4 {1-0 (31) Kotronias,V (2614)-Kulaots,K (2547) Heraklion 2007}) 16... Nxd5 17. Nxd5 exd5 18. Bf6 Bxf6 19. exf6 Qxg3 20. hxg3 Bg4 21. fxg7 Kxg7 22. Rde1 Rfe8 23. Kd2 Rxe1 24. Rxe1 $11 {[%emt 0:00:13][%mdl 4096] Endgame KRB-KRN} Kf6 25. Rf1+ Ke7 26. Nf5+ Bxf5 27. Rxf5 {[%emt 0:00:02] KR-KR} Rg8 28. Rf3 Ke6 29. Ke2 Rg4 30. Rb3 Rc4 31. Kd2 b5 32. Ra3 Rc6 33. Rf3 f5 34. Rf4 Ke5 35. Rf3 d4 36. b4 h5 37. Ra3 Ke4 38. Rf3 (38. Kd1 $142) 38... Rg6 $1 $17 39. Rf4+ $2 {[%emt 0:10:20] This costs White the game.} (39. c3 $17) 39... Ke5 $19 40. Rf3 {[%emt 0:00:01] [#]} h4 $1 41. gxh4 Rxg2+ 42. Kd1 (42. Kd3 {was worth a try.} Rh2 43. Rf1) 42... Rh2 (42... f4 $142 {Hoping for ...Ke4.} 43. Rf1 Rh2) 43. Ra3 f4 {[%emt 0:00:18] And now ...Ke4 would win.} (43... Rxh4 44. Rxa6 f4 45. Rc6) 44. Rxa6 $2 {[%emt 0:00:12] [#]} (44. h5 $19) 44... f3 $1 45. Ke1 Rxc2 46. Ra8 d3 47. Re8+ Kf4 48. Rf8+ Kg3 49. h5 f2+ 50. Kd1 Rxa2 51. h6 Ra1+ 52. Kd2 f1=Q {[%emt 0:00:07] Weighted Error Value: White=0.36/Black=0.19 (very precise)} 0-1

[Event "13th KIIT Festival-A 2022"]
[Site "Bhubaneswar"]
[Date "2022.05.24"]
[Round "3.2"]
[White "Paichadze, Luka"]
[Black "Aaryan Varshney"]
[Result "1/2-1/2"]
[ECO "B20"]
[WhiteElo "2567"]
[BlackElo "2308"]
[Annotator "TA"]
[PlyCount "120"]
[EventDate "2022.05.15"]
[EventType "swiss"]
[EventCountry "IND"]
[SourceTitle "playchess.com"]
[Source "ChessBase"]
[SourceQuality "1"]
[TimeControl "5400+30"]

1. e4 c5 2. b3 Nc6 3. Bb2 e5 4. Bc4 Nf6 5. d3 d6 6. Ne2 {[%emt 0:00:40] B20: Sicilian: Unusual White 2nd moves.} Be7 7. O-O O-O 8. Nbc3 a6 {[%emt 0:00:13] 8...a6 is better than 8...Be6.} 9. a4 {[%emt 0:00:08] Against b5} Rb8 10. h3 Nd4 11. f4 b5 12. axb5 axb5 13. Nxd4 exd4 14. Nxb5 d5 15. exd5 Nxd5 16. Bxd5 Qxd5 17. Na3 Bb7 {[%emt 0:01:56][%csl Gb7][%cal Rd5g2] [#]} (17... Bh4 {keeps more tension.} 18. Nc4 Re8 19. Ne5 f6) 18. Qf3 $146 ({Predecessor:} 18. Qd2 Bh4 19. Nc4 Rfe8 20. Ra5 Be1 21. Rxc5 Qxc5 22. Rxe1 Bd5 23. Rxe8+ Rxe8 24. Qf2 {0-1 (43) Hovhannisyan,K-Avetisian,T (1991) Batumi 2010}) 18... Qxf3 (18... Bh4 {with more complications.} 19. Nc4 Rfe8 20. Ne5 f6) 19. gxf3 Rfe8 20. Nc4 Bc8 21. Rfe1 {[%emt 0:12:35][%cal Oc4d6] [#] Nd6! is the strong threat.} Bxh3 22. Ra5 h6 23. Ba3 Bh4 $1 {[%emt 0:11:08] This bishop pair is nice.} 24. Re4 (24. Rxe8+ Rxe8 25. Kh2 Bf5 26. Bxc5 (26. Rxc5 Re2+ 27. Kg1 g6 $17) 26... Re2+ 27. Kh1 Rxc2 28. Bxd4 Bxd3 $17) 24... f5 (24... Bf5 $5 ) 25. Rxe8+ Rxe8 26. Kh2 {[%emt 0:01:18] Inhibits Bg3+.} (26. Rxc5 $2 Re2 27. Bb4 Bg3 $19) ({Better is} 26. Ne5 $1 $14) 26... Bf1 $11 27. Ne5 $1 ({Don't blunder} 27. Rxc5 $2 Re2+ 28. Kh1 (28. Kg1 $2 Bh3 $19) 28... Bg3 $19) 27... Be1 28. Rxc5 Bd2 29. Kg3 Be1+ $1 30. Kh2 Bd2 31. Kg1 Bh3 32. Bb2 Be3+ 33. Kh2 Bxf4+ 34. Kxh3 Bxe5 {[%emt 0:00:48][%mdl 4096] Endgame KRB-KRB} 35. Rd5 Bc7 {[%emt 0:01:17] The position is equal.} 36. Rd7 ({Wrong is} 36. Rxd4 $2 Re2 37. f4 g5 $19) 36... Bf4 37. Bxd4 g5 38. c4 Re2 39. Bg1 {[%emt 0:00:04] Inhibits Rh2+.} h5 {[%emt 0:00:52] Threatens to win with ...g4+.} 40. Rd5 $1 g4+ 41. fxg4 fxg4+ 42. Kh4 Rg2 43. Rd4 Bg3+ 44. Kxh5 Rxg1 45. Rxg4+ {[%emt 0:00:06] KRB-KR} Kf7 46. Kg5 Ke6 47. b4 Ke5 48. d4+ Ke6 49. Re4+ Kd6 50. Kf5 $1 Rf1+ 51. Kg4 Be1 52. b5 Bc3 53. b6 Bxd4 54. Rxd4+ {[%emt 0:00:24] KR-KR} Kc5 55. b7 {[%emt 0:01:06] White wants to mate with Rd5+.} Rb1 56. Rd7 Kxc4 57. Kf5 {[%emt 0:00:39] Hoping for Ke6.} Kc5 58. Ke6 {[%emt 0:00:25] And now Rc7+ would win.} Kc6 {[%emt 0:00:05] Prevents Rc7+.} 59. Re7 Rxb7 60. Rxb7 Kxb7 {[%emt 0:00:02] Weighted Error Value: White=0.04 (flawless) /Black=0.02 (flawless)} 1/2-1/2

[Event "13th KIIT Festival-A 2022"]
[Site "Bhubaneswar"]
[Date "2022.05.24"]
[Round "3.3"]
[White "Nayak Rajesh"]
[Black "Fedorov, Alexei"]
[Result "0-1"]
[ECO "B43"]
[WhiteElo "2179"]
[BlackElo "2529"]
[Annotator "TA"]
[PlyCount "76"]
[EventDate "2022.05.15"]
[EventType "swiss"]
[EventCountry "IND"]
[SourceTitle "playchess.com"]
[Source "ChessBase"]
[SourceQuality "1"]
[TimeControl "5400+30"]

1. e4 c5 2. Nf3 e6 3. d4 cxd4 4. Nxd4 a6 5. Nc3 Qc7 6. Qf3 {[%emt 0:02:22] B43: Sicilian: Kan Variation: 5 Nc3.} d6 7. Be3 Nf6 8. O-O-O {[%emt 0:03:25] White is slightly better.} Nbd7 9. Be2 b5 {[%cal Bb7b5,Bb5b4][%mdl 32] White should prevent ...b4.} 10. e5 (10. a3 $1 $11 {keeps the balance.}) 10... Bb7 $17 11. exd6 Bxd6 12. Qh3 {[%emt 0:00:56][%cal Od4b5] Threatens to win with Ndxb5!} Be7 {[%emt 0:07:35] [#]} ({Black should play} 12... Bb4 13. Bd2 O-O) 13. Rhe1 $146 (13. Bf3 $17 {keeps fighting.}) ({Predecessor:} 13. Rhg1 b4 14. Na4 Rc8 15. Bd3 Ne5 16. Kb1 Qa5 17. b3 Nxd3 18. cxd3 Nd5 19. Qg3 {½-½ (73) Solozhenkina,E (2258)-Kabanova,E (2095) St Petersburg 2018}) 13... b4 $19 14. Na4 Rc8 15. f4 (15. b3 $17 {might work better.}) 15... Nd5 ({Better is} 15... Bc6 $19 16. Bxa6 Bxa4 17. Bxc8 Qxc8) 16. Kb1 $17 Qa5 (16... Nxf4 $2 17. Bxf4 e5 18. Bg4 $1 $18) 17. b3 (17. Nxe6 $17 fxe6 18. b3) 17... Nc5 $1 $19 18. Nxe6 Nxa4 (18... Nxe6 $19 19. Bc4 Nxe3 20. Rxe3 Rxc4 $1 21. bxc4 O-O 22. Rxe6 fxe6 23. Qxe6+ Rf7) 19. Nxg7+ $11 Kf8 20. Ne6+ (20. bxa4 $11 {was the only way to keep the balance.} Bf6 21. Bd4 Bxd4 22. Ne6+ fxe6 23. Rxd4) 20... fxe6 $17 21. Qh6+ Ke8 {[%emt 0:00:24][%cal Bf8e8,Be8d8,Bd8c7,Bc7b8,Bb8a7][%mdl 32] ( -> ...Nac3+)} 22. Bh5+ Kd8 {[%emt 0:06:03] White must now prevent ...Nac3+.} 23. bxa4 Kc7 $1 24. Qxe6 {[%emt 0:06:39] [#]} Bd6 $1 25. Bd4 {[%emt 0:01:39] [#]} (25. Ka1 $17 {was necessary.} Rhd8 26. Ba7) 25... Rhd8 $1 $19 26. Bf3 {[%emt 0:03:18][%cal Oe1e5] Re5! is the strong threat.} Kb8 27. Bf6 (27. Bxd5 {was worth a try.} Bxd5 28. Qxd5 (28. Ba7+ $2 Kxa7 29. Qxd5 Qc7 $19) 28... Qxd5 29. Ba7+ Kxa7 30. Rxd5) 27... Nxf6 (27... Nxf4 28. Bxd8 Rxd8 29. Qf7 $18) 28. Rxd6 (28. Bxb7 $142 Kxb7 29. Qxf6 (29. Rxd6 $2 Re8 $19)) 28... Re8 29. Rb6 Rc7 {[%emt 0:00:54][%cal Bc8c7,Bc7b7,Bb7b8,Bb8e8][%mdl 32] Chess con chili.} (29... Rxe6 $2 30. Rxb7+ Ka8 31. Rxe6 $16) 30. Rxb7+ Rxb7 31. Qd6+ Ka7 ({Less strong is} 31... Rc7 32. Rxe8+ Nxe8 33. Qd8+ Ka7 34. Qa8+ (34. Qxe8 Qc5 $14) 34... Kb6 35. Qb8+ Kc5 36. Qxe8 $16) 32. Rxe8 Nxe8 33. Qf8 Rb8 34. Qe7+ Qc7 35. Qe3+ Qb6 36. Qe7+ Nc7 {[%emt 0:00:07] Strongly threatening ...Re8.} 37. Qe4 Re8 38. a5 Qg1+ {[%emt 0:00:08] Weighted Error Value: White=0.78/Black=0.15 (very precise)} 0-1

[Event "13th KIIT Festival-A 2022"]
[Site "Bhubaneswar"]
[Date "2022.05.24"]
[Round "3.5"]
[White "Aleksandrov, Aleksej"]
[Black "Dhananjay S"]
[Result "1-0"]
[ECO "D46"]
[WhiteElo "2492"]
[BlackElo "2218"]
[Annotator "TA"]
[PlyCount "62"]
[EventDate "2022.05.15"]
[EventType "swiss"]
[EventCountry "IND"]
[SourceTitle "playchess.com"]
[Source "ChessBase"]
[SourceQuality "1"]
[TimeControl "5400+30"]

1. d4 d5 2. Nf3 Nf6 3. c4 c6 4. e3 e6 5. Bd3 dxc4 6. Bxc4 Nbd7 7. O-O Bd6 8. Nc3 b5 {[%emt 0:00:04] is the new trend. D46: Semi-Slav: 5 e3 Nbd7 6 Bd3, Black avoids the Meran.} 9. Bb3 b4 10. Na4 Bb7 {[%emt 0:00:03] White is slightly better.} 11. Qc2 {[%emt 0:03:22] [#]} Rc8 $146 (11... c5 $5) ({Predecessor:} 11... Qe7 12. e4 e5 13. dxe5 Nxe5 14. Nd4 c5 15. Nf5 Bxe4 16. Nxd6+ Qxd6 17. Qxc5 Qxc5 18. Nxc5 {1-0 (28) Handke,F (2513)-Saltaev,M (2492) Germany 2010}) 12. Nc5 Bxc5 13. dxc5 Ba6 14. Rd1 {[%emt 0:08:45] Hoping for e4.} (14. Re1 $5 ) 14... Qa5 15. Bd2 {[%emt 0:00:12][%cal Bc1d2,Bd2b4,Bb4a3][%mdl 32] White wants to play Rdc1.} Nxc5 {[%emt 0:00:34] ...Bd3 is the strong threat.} 16. Bc4 {[%emt 0:00:04] Inhibits Bd3.} Qb6 17. Bxa6 Nxa6 18. e4 Qc5 19. Qxc5 Nxc5 20. Bxb4 Ncxe4 21. Ne5 Nd5 {[%emt 0:11:27] Pair of Knights!} 22. Ba3 f6 (22... c5 $1 $11) 23. Nd3 $16 Ng5 {[%emt 0:12:20] [#]} 24. Re1 $1 e5 {[%emt 0:03:30] [#]} 25. Nxe5 Ne6 (25... Nh3+ 26. gxh3) 26. Nc4 Kd7 27. Rad1 $36 {[%emt 0:00:04][%mdl 2048] Against Nd4. White is on the roll.} Rce8 28. Nd6 {[%emt 0:02:20] White is more active.} Rb8 29. h4 Nec7 30. Nf5 {[%emt 0:03:52] aiming for Re7+.} Ne6 (30... Rhe8 $16 {was worth a try.}) 31. Nxg7 Ra8 $2 {[%emt 0:23:17] Weighted Error Value: White=0.04 (flawless) /Black=0.12 (very precise)} (31... Nxg7 32. Re7+ Kc8 33. Rxg7 Rb7) 1-0

[Event "13th KIIT Festival-A 2022"]
[Site "Bhubaneswar"]
[Date "2022.05.24"]
[Round "3.6"]
[White "Kiran, Manisha Mohanty"]
[Black "Nikitenko, Mihail"]
[Result "0-1"]
[ECO "C15"]
[WhiteElo "2098"]
[BlackElo "2479"]
[Annotator "TA"]
[PlyCount "216"]
[EventDate "2022.05.15"]
[EventType "swiss"]
[EventCountry "IND"]
[SourceTitle "playchess.com"]
[Source "ChessBase"]
[SourceQuality "1"]
[TimeControl "5400+30"]

1. e4 e6 2. d4 d5 3. Nc3 Bb4 4. a3 Bxc3+ 5. bxc3 dxe4 6. Qg4 Nf6 7. Qxg7 Rg8 8. Qh6 Nbd7 9. Bg5 Qe7 {[%emt 0:01:36] C15: French: 3 Nc3 Bb4: Unusual White 4th moves.} 10. Ne2 b6 11. Nf4 (11. Qh4 $11) 11... Bb7 (11... Ng4 $17 12. Bxe7 Nxh6) 12. Qh4 h6 {[%emt 0:01:58] [#]} 13. Bxf6 $146 (13. Bxh6 $2 Ng4 14. Qxe7+ Kxe7 15. Nxe6 Nxh6 $19) (13. Qxh6 $11 {keeps the balance.} Ng4 14. Bxe7 Nxh6 15. Bh4) ({Predecessor:} 13. Qxh6 O-O-O 14. Qh4 e3 15. f3 Rh8 16. Nh5 Qd6 17. Bxf6 Nxf6 18. Qxf6 Rxh5 19. Bd3 Rxh2 20. Rxh2 {½-½ (32) Estevez Morales,G (2420)-Vilela de Acuna,J (2440) Cienfuegos 1991}) 13... Nxf6 14. Bb5+ c6 15. Be2 e5 16. Nh5 Nxh5 17. Qxh5 exd4 18. cxd4 Qf6 19. O-O O-O-O 20. c3 Rd5 21. Qh3+ Kb8 22. Qe3 c5 23. Rad1 h5 24. g3 h4 25. dxc5 Rxc5 26. c4 Qg5 {[%emt 0:03:50] Black is more active.} (26... Qe5 $15) 27. Qxg5 $11 Rcxg5 28. Rd7 f5 29. Rh7 hxg3 30. fxg3 e3 31. Bf3 Ba6 ({Black should try} 31... Bxf3 $11 32. Rxf3 Re8) 32. Be2 (32. Rf7 $14) 32... Re8 33. Rf7 Bc8 $1 34. c5 Be6 35. Rh7 {[%emt 0:00:09] Strongly threatening c6.} Bd5 36. cxb6 axb6 37. Rb1 (37. Rh4 $5 ) 37... Re6 (37... f4 $5) 38. Kf1 (38. Rh4 $5 ) 38... Rc6 39. Re7 Be4 40. Rd1 Rg8 {[%emt 0:00:09] Inhibits Re8+.} 41. a4 Rh6 42. h4 Rc6 43. g4 Rc7 44. Re6 Bb7 45. gxf5 Rcg7 {[%emt 0:01:11][%csl Gg8][%cal Rg7g1] [#]} 46. Rg6 {[%emt 0:00:07] Inhibits Rg1+.} (46. Rxe3 $2 Rg1+ 47. Kf2 R8g2#) 46... Rxg6 47. fxg6 Rxg6 {[%emt 0:00:02][%mdl 4096] Endgame KRB-KRB} 48. h5 Rg3 {[%emt 0:00:24] Threatens to win with ...Bg2+.} 49. Rd6 Rh3 50. Bg4 {[%emt 0:00:15] Rd8+ would kill now.} Rh4 51. Rg6 Ba6+ 52. Kg2 (52. Be2 $5 Bb7 53. Rg8+ Kc7 54. Rg7+ Kb8 55. Rg8+ Kc7 56. Rg7+ Kb8 57. Rg8+ $11) 52... e2 53. Bxe2 Bxe2 54. Rxb6+ {[%emt 0:00:05] KRB-KR} Kc7 55. Re6 Bxh5 56. a5 Kd7 57. Rf6 Ra4 58. a6 Ra3 59. Rh6 Bf7 60. Kf2 Be6 61. Rh7+ Kd6 62. a7 Bd5 63. Ke2 Ke5 64. Kd2 Kd4 65. Rd7 Ra2+ 66. Kd1 Ke4 67. Kc1 Kd4 68. Kb1 {[%emt 0:00:38][%cal Od7d5] White threatens Rxd5+! and mate.} Ra5 69. Kc2 Kc5 70. Kc3 Kc6 71. Rh7 Be6 72. Rh6 Kd6 73. Rh7 Bd7 74. Rh6+ Kc7 75. Rh7 Rxa7 (75... Ra4 {seems wilder.} 76. Rh8 Ra3+ 77. Kd4 Rxa7 78. Rh7 Kd6) 76. Kd4 Kd6 77. Rh6+ Be6 78. Rh8 Ra4+ 79. Kd3 Ke5 80. Re8 Ra3+ 81. Kd2 Kd5 82. Rd8+ Kc4 83. Ke2 Bd5 84. Kd2 Kd4 85. Rd7 Ra2+ 86. Kd1 Rh2 87. Rd8 Ke4 88. Rd7 Bc4 89. Rd2 Rh8 90. Rd7 Bb5 91. Rd6 Bd3 92. Kd2 Rh2+ 93. Kc3 Rc2+ 94. Kb3 Rc8 95. Kb4 Bc4 96. Rh6 Bd5 97. Rh4+ Ke5 98. Rh5+ Kd4 99. Rh4+ Be4 100. Rg4 Rb8+ 101. Ka4 Kd5 102. Rh4 Bc2+ 103. Ka3 Kc5 104. Ka2 Bd3 105. Ka3 Bc4 {[%emt 0:00:23] ( -> ...Rb3+)} 106. Rf4 $2 {[%emt 0:00:32][%mdl 8192] [#]} (106. Rh5+ $15 Bd5 107. Rh3) 106... Rb3+ 107. Ka4 Re3 $2 (107... Rg3 {mates} 108. Rf5+ Bd5 109. Re5 Rg8 110. Ka3 Rg2 111. Rxd5+ Kxd5 112. Kb4 Rg3 113. Kb5 Rb3+ 114. Ka4 Kc4 115. Ka5 Kc5 116. Ka6 Rb2 117. Ka7 Kc6 118. Ka8 Kc7 119. Ka7 Ra2#) 108. Rh4 $2 (108. Rf5+ $15 Bd5 109. Rg5 Re8 110. Ka3 Re2 111. Rxd5+ Kxd5 112. Kb4 Re3 113. Kb5 Rb3+ 114. Ka4 Kc4 115. Ka5 Kc5 116. Ka6 Rb2 117. Ka7 Kc6 118. Ka8 Kc7 119. Ka7 Ra2#) 108... Bb5+ {[%emt 0:00:06] Weighted Error Value: White=0.14 (very precise) /Black=0.11 (very precise)} 0-1